 Dungeon Crawl Stone Soup version 0.28-a0-1415-g7c84da036a (webtiles) character file.

Game seed: 13576539275960262162

31261 browni3141 the Blocker (level 13, 0/99 HPs)
             Began as a Human Fighter on Jan 8, 2022.
             Was a High Priest of Okawaru.
             Slain by a spriggan (14 damage)
             ... on level 3 of the Lair of Beasts.
             The game lasted 00:32:39 (16745 turns).

browni3141 the Blocker (Human Fighter)             Turns: 16745, Time: 00:32:40

Health: 0/99       AC: 26    Str: 38    XL:     13   Next: 95%
Magic:  17/20      EV: 15    Int: 10    God:    Okawaru [*****.]
Gold:   576        SH: 19    Dex: 13    Spells: 12/12 levels left

rFire   + . .      SeeInvis +   z - +0 scimitar
rCold   x . .      Faith    .   g - +0 kite shield
rNeg    . . .      Spirit   .   m - +10 chain mail of Wu Jian's Regard {rC- Str+10}
rPois   .          Reflect  +   V - +0 helmet
rElec   .          Harm     .   A - +0 cloak
rCorr   .          Rampage  .   (no gloves)
Will    .....                   (no boots)
Stlth   ..........              K - amulet of reflection
HPRegen 0.26/turn               H - ring of see invisible
MPRegen 0.17/turn               L - ring of Caesk {Contam rF+ EV+4 Str+8}

@: heroic
A: no striking features
a: Renounce Religion, Heroism, Finesse, Duel


You were on level 3 of the Lair of Beasts.
You worshipped Okawaru.
Okawaru was extremely pleased with you.
You visited 3 branches of the dungeon, and saw 15 of its levels.

You collected 1003 gold pieces.
You spent 427 gold pieces at shops.

Inventory:

Hand Weapons
 a - a +0 giant club
 j - a +0 giant club
 s - a +0 giant spiked club
 z - a +0 scimitar (weapon)
 J - a +0 giant club
 O - a +0 giant club
 P - a +0 giant club
 Y - a +0 giant club
 Z - a +0 giant club
Missiles
 e - 15 boomerangs
 f - 47 poisoned darts
 C - 3 curare-tipped darts (quivered)
 E - 4 throwing nets
Armour
 g - a +0 kite shield (worn)
 m - the +10 chain mail of Wu Jian's Regard (worn) {rC- Str+10}
   (You found it on level 2 of the Dungeon)

   Str:       It affects your strength (+10).
   rC:        It makes you vulnerable to cold.
 A - a +0 cloak (worn)
 V - a +0 helmet (worn)
Jewellery
 y - a ring of ice
 H - a ring of see invisible (left hand)
 K - an amulet of reflection (around neck)
 L - the ring of Caesk (right hand) {Contam rF+ EV+4 Str+8}
   (You found it on level 8 of the Dungeon)

   [ring of evasion]

   EV:        It affects your evasion (+4).
   Str:       It affects your strength (+8).
   rF:        It protects you from fire.
   Contam:    It causes magical contamination when unequipped.
 T - a ring of resist corrosion
Wands
 r - a wand of acid (13)
 w - a wand of digging (4)
 G - a wand of iceblast (2)
 M - a wand of mindburst (10)
 Q - a wand of flame (8)
Scrolls
 c - a scroll of silence {unknown}
 i - 5 scrolls of teleportation
 k - 2 scrolls of enchant armour
 o - 4 scrolls of enchant weapon
 p - 6 scrolls of immolation
 q - 2 scrolls of noise
 u - 3 scrolls of magic mapping
 v - a scroll of torment
 D - 3 scrolls of amnesia
 F - 2 scrolls of summoning
 S - 4 scrolls of fear
 U - 4 scrolls of fog
Potions
 b - a potion of mutation
 d - 5 potions of might
 h - a potion of magic
 l - 4 potions of brilliance
 n - 3 potions of lignification
 t - 3 potions of curing
 x - 2 potions of flight
 B - 3 potions of degeneration
 I - a potion of haste
 N - 2 potions of cancellation {unknown}
 W - a potion of invisibility {unknown}
Miscellaneous
 X - a condenser vane


   Skills:
 + Level 8.6(13.6) Fighting
 * Level 11.3(16.3) Long Blades
 + Level 4.2(9.2) Throwing
 + Level 8.5(13.5) Armour
 * Level 12.7(17.7) Shields
 * Level 9.4 Invocations
 - Level 6.0 Evocations


You had 12 spell levels left.
You didn't know any spells.
Your spell library contained the following spells:

 Spells                   Type           Power      Damage    Failure   Level
 Apportation              Tloc           0%         N/A       83%         1
 Freeze                   Ice            0%         1d3       83%         1
 Frozen Ramparts          Ice            0%         1d2       99%         3
 Gell's Gravitas          Tloc           0%         N/A       99%         3
 Ozocubu's Armour         Ice            0%         N/A       99%         3
 Teleport Other           Tloc           0%         N/A       99%         3
 Hailstorm                Conj/Ice       0%         3d3       100%        4
 Olgreb's Toxic Radiance  Pois           0%         N/A       100%        4
 Dispersal                Tloc           0%         N/A       100%        6
 Ozocubu's Refrigeration  Ice            0%         4d5       100%        7
 Ignition                 Fire           0%         3d3       100%        8
 Animate Skeleton         Necr           Unusable   N/A       N/A         1
 Summon Small Mammal      Summ           Unusable   N/A       N/A         1

Dungeon Overview and Level Annotations

Branches:
Dungeon (11/15)            Temple (1/1) D:6            Lair (3/6) D:9
  Swamp (0/4) Lair:3          Orc (0/2) D:10
 Shoals: Lair:2-4     Snake: Lair:2-4    Spider: Lair:2-4

Altars:
Ashenzari
Cheibriados
Dithmenos
Elyvilon
Fedhas
Gozag
Hepliaklqana
Kikubaaqudgha
Makhleb
Nemelex Xobeh
Okawaru
Qazlal
Ru
Sif Muna
Trog
Uskayaw
Vehumet
Wu Jian
Xom
Yredelemnul
Zin
The Shining One
Beogh

Shops:
D:7 *   D:9 ![**?   D:11 **

Portals:
Abyss: Lair:3
Trove: D:11 (give 13 scrolls of teleportation)

Annotations:
D:8 exclusion: obsidian statue
Lair:3 1 transporter


Message History

Unknown command.
Aiming: Iceblast
Press: ? - help, Shift-Dir - straight line, f/p - spriggan rider
Aim: a spriggan rider, wielding a +2 demon trident of distortion and wearing a +2 robe (lightly wounded)
The mass of ice explodes!
The iceblast engulfs the spriggan rider!
The spriggan rider is moderately wounded.
Okawaru accepts your kill.
You feel a bit more experienced.
The iceblast engulfs Deaggicw's ghost!!
Deaggicw's ghost is almost destroyed.
The spriggan rider hits you from afar with a +2 demon trident of distortion.
* * * LOW HITPOINT WARNING * * *
You blink.
Unknown command.
Unknown command.
Aiming: Iceblast
Press: ? - help, Shift-Dir - straight line, f/p - spriggan rider
Aim: a spriggan rider, wielding a +2 demon trident of distortion and wearing a +2 robe (moderately wounded)
The mass of ice explodes!
The iceblast engulfs Deaggicw's ghost!!
You destroy Deaggicw's ghost!
Okawaru is honoured by your kill. Okawaru grants you a weapon!
Something appears at your feet!
You see here a +1 longbow of freezing.
The iceblast engulfs the spriggan rider!!
The spriggan rider is severely wounded.
Unknown command.
Unknown command.
Aiming: Iceblast
Press: ? - help, Shift-Dir - straight line, f/p - spriggan rider
Aim: a spriggan rider, wielding a +2 demon trident of distortion and wearing a +2 robe (severely wounded)
The mass of ice explodes!
The iceblast engulfs the spriggan rider!!
You kill the hornet!
Okawaru accepts your kill.
The spriggan falls from its now dead mount.
The spriggan is almost dead.
The iceblast engulfs the red devil.
The red devil is lightly wounded.
The spriggan hits you from afar with a +2 demon trident of distortion!
You die...

...###....####........P..# #..
...#i##..##..####...P≈#.## #..
...#..#.©#c.#.!.##..P...P######..
..##§##..##....#.#......###..##..
..#..##...####.§##............#..
..#.#.##....#..##................
..###..###.##..##................
...###...###.##:##...............
.....#©.#§©i4##.@#............#..
....##.3§.####..##...#...........
...##.#..?5#^#i##....#...........
..##.#.####§#.4#.....#.........P.
..#.#3.#..##.(###....##.##...###.
..##.###...###.##.......##.#####.
...###.......####............#P..
...............................".
.....................P..PP.##.##.


You could see a red devil (resistant) and a spriggan.

Vanquished Creatures
  The ghost of Deaggicw the Grappler, a journeyman DrTm of Qazlal (Lair:3)
  Fannar (Lair:1)
  Harold (Lair:1)
  2 hydras (Lair:1)
  A boulder beetle (D:11)
  A centaur warrior (D:10)
  6 two-headed ogres
  A tengu warrior (D:10)
  An ugly thing (D:10)
  2 manticores
  A black mamba (Lair:2)
  5 elephants (Lair:3)
  5 cane toads
  A gargoyle (D:10)
  An unseen horror (D:11)
  13 komodo dragons
  A hellwing (Lair:3)
  A polar bear (Lair:1)
  3 meliai (D:9)
  2 trolls
  A hornet (Lair:3)
  10 blink frogs
  A dream sheep (shapeshifter) (Lair:3)
  A shadow (D:10)
  4 wyverns
  A vampire (D:11)
  A ynoxinul (Lair:3)
  A wraith (D:10)
  14 yaks
  A basilisk (Lair:2)
  A steam dragon (D:7)
  3 acid dragons
  10 water moccasins
  9 orc warriors
  An ice beast (D:7)
  3 black bears
  3 ogres
  10 centaurs
  10 wolves (Lair:1)
  A necrophage (D:6)
  A kobold brigand (D:9)
  4 gnoll sergeants
  9 bullfrogs
  6 scorpions
  2 water moccasin skeletons
  2 electric eels
  5 wights (D:6)
  2 howler monkeys
  4 hounds
  3 jellies
  2 centaur zombies
  9 orc priests
  An iron imp (D:3)
  2 bullfrog skeletons
  Jessica (D:3)
  An iguana (D:4)
  8 orc wizards
  A hound zombie (D:5)
  A hound skeleton (D:4)
  A howler monkey zombie (D:9)
  A howler monkey skeleton (D:4)
  16 gnolls
  6 adders
  A shadow imp (D:7)
  An ufetubus (D:6)
  An adder skeleton (D:4)
  4 worms
  44 orcs
  4 bats
  5 endoplasms
  2 giant cockroaches (D:3)
  5 goblins
  9 hobgoblins
  5 quokkas
  8 ball pythons
  4 frilled lizards
  10 kobolds
  7 rats
334 creatures vanquished.

Vanquished Creatures (others)
  A two-headed ogre (D:10)
  A kobold brigand (D:10)
  An orc wizard (D:10)
  21 fungi
  44 plants
  2 withered plants (D:3)
70 creatures vanquished.

Grand Total: 404 creatures vanquished

Notes
Turn   | Place    | Note
-------+----------+-------------------------------------------
     0 | D:1      | browni3141 the Human Fighter began the quest for the Orb.
     0 | D:1      | Reached XP level 1. HP: 18/18 MP: 1/1
    60 | D:1      | Reached XP level 2. HP: 23/24 MP: 2/2
   542 | D:2      | Reached skill level 4 in Shields
   542 | D:2      | Reached XP level 3. HP: 29/29 MP: 3/3
   764 | D:2      | Found a faded altar of an unknown god.
   989 | D:2      | Reached XP level 4. HP: 18/35 MP: 4/4
  1517 | D:2      | Identified the +10 chain mail of Wu Jian's Regard {rC-
                  | Str+10}
  1693 | D:3      | Reached skill level 5 in Shields
  1890 | D:3      | Noticed Jessica
  1903 | D:3      | Killed Jessica
  1904 | D:3      | Reached XP level 5. HP: 10/41 MP: 5/5
  2170 | D:3      | Found a snail-covered altar of Cheibriados.
  2432 | D:3      | Found an ancient bone altar of Kikubaaqudgha.
  2816 | D:4      | Reached XP level 6. HP: 46/47 MP: 6/6
  2827 | D:4      | Reached skill level 6 in Shields
  2841 | D:4      | Reached skill level 1 in Evocations
  3031 | D:4      | Reached XP level 7. HP: 52/52 MP: 7/7
  3526 | D:5      | Entered Level 5 of the Dungeon
  3672 | D:5      | Found a stormy altar of Qazlal.
  4344 | D:5      | Reached XP level 8. HP: 31/60 MP: 8/8
  4533 | D:5      | Reached skill level 7 in Shields
  4887 | D:5      | Found a white marble altar of Elyvilon.
  5058 | D:6      | Found a hazy altar of Hepliaklqana.
  5249 | D:6      | Reached XP level 9. HP: 61/66 MP: 9/9
  5566 | D:6      | Reached skill level 5 in Long Blades
  5762 | D:6      | Found a staircase to the Ecumenical Temple.
  5773 | Temple   | Entered the Ecumenical Temple
  6013 | D:6      | Reached skill level 5 in Evocations
  6026 | D:6      | Reached skill level 8 in Shields
  6475 | D:7      | Found Mijuppen's Lightly-Used Armoury.
  6519 | D:7      | Found an iron altar of Okawaru.
  6524 | D:7      | Became a worshipper of Warmaster Okawaru
  6852 | D:7      | Reached skill level 5 in Fighting
  6852 | D:7      | Reached skill level 5 in Armour
  7163 | D:7      | Reached * piety under Okawaru
  7619 | D:8      | Reached XP level 10. HP: 73/74 MP: 10/10
  7635 | D:8      | Identified the ring of Caesk {Contam rF+ EV+4 Str+8}
  7875 | D:8      | Noticed an obsidian statue
  8042 | D:8      | Noticed a manticore
  8055 | D:8      | Killed a manticore
  8393 | D:8      | Reached skill level 9 in Shields
  8538 | D:9      | Noticed a two-headed ogre
  8549 | D:9      | Killed a two-headed ogre
  8549 | D:9      | Reached ** piety under Okawaru
  8636 | D:9      | Found a staircase to the Lair.
  8694 | D:9      | Found Aliwuucou's General Store.
  8702 | D:9      | Bought a wand of mindburst (4) for 112 gold pieces
  8702 | D:9      | Bought a scroll of fear for 49 gold pieces
  8715 | D:9      | Found Sistroiv's Magic Scroll Boutique.
  8733 | D:9      | Bought a scroll of identify for 22 gold pieces
  8733 | D:9      | Bought a scroll of identify for 22 gold pieces
  8733 | D:9      | Bought 3 scrolls of fog for 66 gold pieces
  8733 | D:9      | Bought a scroll of identify for 22 gold pieces
  8733 | D:9      | Bought a scroll of fear for 38 gold pieces
  8733 | D:9      | Bought a scroll of teleportation for 33 gold pieces
  8776 | D:9      | Reached skill level 1 in Invocations
  9056 | D:9      | Found a hide-covered altar of Uskayaw.
  9083 | D:9      | Found a basalt altar of Yredelemnul.
  9096 | D:9      | Found Lutomo's Assorted Antiques.
  9322 | D:9      | Found Syuteylo's Armour Boutique.
  9330 | D:9      | Bought a +0 helmet for 63 gold pieces
  9393 | D:9      | Found Zibiet's Distillery.
  9517 | D:10     | Entered Level 10 of the Dungeon
  9582 | D:10     | Reached *** piety under Okawaru
  9590 | D:10     | Reached XP level 11. HP: 74/82 MP: 12/12
  9769 | D:10     | Noticed a two-headed ogre
  9784 | D:10     | Killed a two-headed ogre
  9785 | D:10     | Reached skill level 10 in Shields
  9840 | D:10     | Noticed a tengu warrior
  9861 | D:10     | Killed a tengu warrior
  9861 | D:10     | Reached **** piety under Okawaru
  9883 | D:10     | Noticed a two-headed ogre
  9901 | D:10     | Killed a two-headed ogre
  9904 | D:10     | Noticed a centaur warrior
  9917 | D:10     | Killed a centaur warrior
  9972 | D:10     | Noticed a cyan ugly thing
  9985 | D:10     | Killed a cyan ugly thing
  9985 | D:10     | Reached ***** piety under Okawaru
  9986 | D:10     | Reached skill level 5 in Invocations
 10224 | D:10     | Noticed a manticore
 10237 | D:10     | Killed a manticore
 10240 | D:10     | Noticed a two-headed ogre
 10255 | D:10     | Killed a two-headed ogre
 10256 | D:10     | Reached XP level 12. HP: 87/91 MP: 13/16
 10274 | D:10     | Noticed a two-headed ogre
 10281 | D:10     | Killed a two-headed ogre
 10282 | D:10     | Reached skill level 11 in Shields
 10644 | D:10     | Killed a two-headed ogre
 10693 | D:10     | Found a staircase to the Orcish Mines.
 11307 | D:11     | Noticed a two-headed ogre
 11315 | D:11     | Killed a two-headed ogre
 11316 | D:11     | Reached skill level 1 in Throwing
 11592 | D:11     | Identified the +0 crystal plate armour "Minodufu" {+Inv Fly
                  | rPois SInv} (Okawaru gifted it to you on level 11 of the
                  | Dungeon)
 11592 | D:11     | Received a gift from Okawaru
 11600 | D:11     | Noticed a boulder beetle
 11616 | D:11     | Killed a boulder beetle
 11828 | D:11     | Found a portal to a secret trove of treasure.
 11862 | D:11     | Found Nuogiewk's General Store.
 11864 | D:11     | Found Powoecac's Specific Store.
 12092 | Lair:1   | Entered Level 1 of the Lair of Beasts
 12116 | Lair:1   | Noticed Fannar
 12183 | Lair:1   | Reached skill level 10 in Long Blades
 12234 | Lair:1   | Noticed a four-headed hydra
 12253 | Lair:1   | Killed a six-headed hydra
 12720 | Lair:1   | Found a hide-covered altar of Uskayaw.
 12755 | Lair:1   | Noticed a five-headed hydra
 12770 | Lair:1   | Killed a five-headed hydra
 12771 | Lair:1   | Reached XP level 13. HP: 56/98 MP: 16/18
 13018 | Lair:1   | Killed Fannar
 13328 | Lair:1   | Noticed Harold
 13343 | Lair:1   | Killed Harold
 13344 | Lair:1   | Reached skill level 12 in Shields
 13441 | Lair:1   | Identified the +1 scale mail "Menu" {Harm rN++ Str-5 Dex+4}
                  | (Okawaru gifted it to you on level 1 of the Lair of Beasts)
 13441 | Lair:1   | Received a gift from Okawaru
 15509 | Lair:3   | Found a transporter.
 15737 | Lair:3   | Found a staircase to the Swamp.
 15846 | Lair:3   | Found a one-way gate to the infinite horrors of the Abyss.
 15846 | Lair:3   | Found a transporter.
 15846 | Lair:3   | Noticed Deaggicw's ghost (journeyman DrTm)
 16355 | Lair:3   | Noticed a seven-headed hydra
 16355 | Lair:3   | Noticed a bunyip
 16361 | Lair:3   | Noticed a shadow dragon
 16595 | Lair:3   | Noticed an anaconda
 16664 | Lair:3   | Noticed an eleionoma
 16744 | Lair:3   | Killed Deaggicw's ghost
 16744 | Lair:3   | Received a gift from Okawaru
 16745 | Lair:3   | Slain by a spriggan

Illustrated notes

Levels and vault maps discovered:
D:1:      psy_arrival_statuary, layout_rooms, amcnicky_mini_corridor_feature,
          feat_on_display
D:2:      layout_loops_cross, shapermc_ecumenical_altar_venn
D:3:      layout_loops_ring, kiku_gazebo_garden_becter, slow_altar_2,
          uniq_jessica
D:4:      layout_basic, minmay_three_crescents
D:5:      layout_basic, lemuel_coloured_pillars_altar,
          nicolae_qazlal_general_emergency, serial_curves, eino_curves_02,
          eino_curves_04, minmay_quadrilaterals
D:6:      layout_basic, lemuel_tele_altar, minmay_temple_entry_purple_smoke
D:7:      layout_layer_cave, okawaru_metal_pillars_1_2, minmay_shop_damaged
D:8:      minmay_statue_hallways, layout_basic, kennysheep_doodads
D:9:      layout_irregular_city, mainiacjoe_overflow_cross_hatched,
          yredelemnul_altar_generic, grunt_lair_entry_orc_guard_hut,
          serial_shops, shop, shop_fountains, shop, shop, shop
D:10:     nzn_winding_woodlands_three_and_one
          [nzn_winding_woodlands_5x15_concentric,
          nzn_winding_woodlands_5x15_eye, nzn_winding_woodlands_5x15_twine,
          nzn_winding_woodlands_center_garden], layout_loops_ring, david_orc_5,
          lemuel_flamethrower_2
D:11:     layout_cave_pools, enter_trove_2, fungi_pond_lemuel,
          chequers_serial_rivers_small_3, nicolae_specific_store
Temple:   dpeg_chambers_temple
Lair:1:   layout_cellular_growth, basic_altar, nicolae_quartered_pool_medium,
          uniq_fannar, uniq_harold
Lair:2:   layout_gridlike, special_room
Lair:3:   layout_gridlike, swamp_mist, gammafunk_ghost_abyssal_escape

Skill      XL: |  1  2  3  4  5  6  7  8  9 10 11 12 13 |
---------------+----------------------------------------+-----
Shields        | 4 5 6 7 8 9 10 11 12 | 12.7
Evocations     | 1 3 4 5 6 |  6.0
Long Blades    | 3 4 6 7 9 10 11 | 11.3
Armour         | 4 5 6 7 8 |  8.5
Fighting       | 4 5 6 7 8 |  8.6
Invocations    | 2 5 7 9 |  9.4
Throwing       | 2 4 |  4.2

Action                   |  1- 3 |  4- 6 |  7- 9 | 10-12 | 13-15 || total
-------------------------+-------+-------+-------+-------+-------++-------
Melee: Long sword        |    85 |   139 |    72 |       |       ||   296
       Scimitar          |       |       |   170 |   444 |   401 ||  1015
Throw: Boomerang         |       |     1 |     1 |    98 |       ||   100
       Dart              |       |     2 |    31 |    27 |     3 ||    63
Invok: Heroism           |       |       |       |    13 |     2 ||    15
       Finesse           |       |       |       |       |     2 ||     2
Evoke: Wand              |       |       |    10 |    19 |     7 ||    36
       Condenser vane    |       |       |       |     1 |       ||     1
  Use: Scroll            |       |       |    10 |     7 |       ||    17
       Potion            |       |       |     5 |     1 |     3 ||     9
Armor: Scale mail        |    37 |     2 |       |       |       ||    39
       Chain mail        |       |    96 |   150 |   160 |   185 ||   591
Dodge: Dodged            |    27 |    44 |    76 |   157 |   174 ||   478
Block: Buckler           |     9 |       |       |       |       ||     9
       Kite shield       |     8 |    82 |   127 |   413 |   403 ||  1033
       Reflection        |       |       |       |    30 |       ||    30

Table legend: (Time is in decaauts)
 A = Elapsed time spent in this place.
 B = Non-inter-level travel time spent in this place.
 C = Inter-level travel time spent in this place.
 D = Time resting spent in this place.
 E = Time spent auto-exploring this place.
 F = Levels seen in this place.
 G = Mean time per level.
                   A        B        C        D        E       F      G
               +--------+--------+--------+--------+--------+-----+--------+
         Total |  16923 |  16388 |    535 |   1140 |  12087 |  15 | 1128.2 |
       Dungeon |  12084 |  11677 |    407 |    960 |   8338 |  11 | 1098.5 |
        Temple |    226 |    204 |     22 |      0 |    191 |   1 |  226.0 |
          Lair |   4612 |   4506 |    106 |    180 |   3557 |   3 | 1537.3 |
               +--------+--------+--------+--------+--------+-----+--------+

Top non-repeatable levels by time:
  Lair:1: 1826 daAuts
    D:10: 1670 daAuts
     D:5: 1550 daAuts
  Lair:2: 1514 daAuts
  Lair:3: 1271 daAuts
     D:2: 1192 daAuts
     D:6: 1187 daAuts
     D:7: 1157 daAuts
     D:3: 1065 daAuts
     D:9: 1011 daAuts
     D:8: 966 daAuts
    D:11: 906 daAuts
     D:4: 843 daAuts
     D:1: 534 daAuts
  Temple: 226 daAuts
